 Dungeon Sprint DCSS version 0.29-a0-551-gffc1d7fb78 (webtiles) character file.

Game seed: 10858299774315631491

8174 mhtbhm the Black Belt (level 11, -8/94 HPs)
             Began as a Spriggan Transmuter on June 5, 2022.
             Was an Initiate of Gozag.
             Mangled by an orc knight
             ... wielding a +0 great sword
              (15 damage)
             ... in the Dungeon (Sprint IX: "|||||||||||||||||||||||||||||").
             The game lasted 00:05:35 (2583 turns).

mhtbhm the Black Belt (Spriggan Transmuter)         Turns: 2583, Time: 00:05:36

Health: -8/94      AC: 11    Str: 10    XL:     11   Next: 6%
Magic:  27/29      EV: 17    Int: 15    God:    Gozag
Gold:   4922       SH:  0    Dex: 16    Spells: 26/36 levels left

rFire   x . .      SeeInvis +     - Unarmed
rCold   + + +      Faith    .   (shield currently unavailable)
rNeg    . . .      Spirit   .   (body armour currently unavailable)
rPois   +          Reflect  .   (helmet currently unavailable)
rElec   .          Harm     .   (cloak currently unavailable)
rCorr   .          Rampage  .   (gloves unavailable)
Will    +....      NoTele   +   (boots unavailable)
Stlth   ..........              (no amulet)
HPRegen 0.25/turn               j - +2 ring of evasion
MPRegen 0.21/turn               k - +2 ring of protection

@: berserking (expiring), ice-form, very quick
A: freezing attack, amphibious, boosted hp, large, no large weapons, unfitting
armour, see invisible, (speed 3)
a: End Transformation, Renounce Religion, Potion Petition, Call Merchant, Bribe
Branch


You were in the Dungeon.
You worshipped Gozag.
Gozag was most pleased with you.
You were a creature of crystalline ice.
You visited 1 branch You collected 4922 gold pieces.

Inventory:

Armour
 a - a +0 robe (melded)
Jewellery
 j - a +2 ring of evasion (left front paw)
 k - a +2 ring of protection (right front paw)
Scrolls
 g - 2 scrolls of amnesia
 m - 2 scrolls of enchant armour
 n - a scroll of blinking
 o - 3 scrolls of identify
Potions
 b - a potion of invisibility
 c - 6 potions of curing
 d - a potion of heal wounds
 f - 4 potions of magic
 h - a potion of berserk rage
 l - a potion of mutation


   Skills:
 + Level 3.7 Fighting
 + Level 11.1 Dodging
 + Level 8.9 Stealth
 + Level 15.5 Unarmed Combat
 + Level 13.1 Spellcasting
 + Level 14.0 Transmutations
 + Level 4.6 Ice Magic
 + Level 0.6 Poison Magic
 + Level 6.7 Evocations


You had 26 spell levels left.
You knew the following spells:

 Your Spells              Type           Power      Damage    Failure   Level
a - Beastly Appendage     Tmut           100%       N/A       1%          1
b - Wereblood             Tmut           51%        N/A       1%          2
c - Spider Form           Tmut/Pois      31%        N/A       1%          3
d - Ice Form              Ice/Tmut       37%        N/A       1%          4

Your spell library contained the following spells:

 Spells                   Type           Power      Damage    Failure   Level
 Dazzling Flash           Conj/Hex       18%        N/A       22%         3
 Agony                    Necr           9%         N/A       89%         5
 Silence                  Hex/Air        4%         N/A       89%         5


Dungeon Overview and Level Annotations

Branches:
Dungeon (1/1)

Altars:
Cheibriados
Dithmenos
Elyvilon
Fedhas
Gozag
Hepliaklqana
Kikubaaqudgha
Makhleb
Nemelex Xobeh
Okawaru
Qazlal
Ru
Sif Muna
Trog
Uskayaw
Vehumet
Wu Jian
Xom
Yredelemnul
Zin
The Shining One
Beogh
Jiyva
Lugonu


Innate Abilities, Weirdness & Mutations

You are a creature of crystalline ice.
You have a powerful freezing melee attack.
You are amphibious.
Your maximum health is increased.
Your armour is entirely melded.
You are incapable of wielding weapons or throwing items.
You are very small and have problems with some larger weapons.
You are too small for most types of armour.
You have supernaturally acute eyesight. (SInv)
((You cover ground extremely quickly. (Speed+++)))


Message History

Okay, then.
A red film seems to cover your vision as you go berserk!
You feel yourself moving faster!
You feel mighty!
The orc knight hits you with a +0 war axe of draining!
You feel drained.
You barely miss the orc knight. The orc knight closely misses you.
You pummel the orc knight!! You freeze the orc knight!
The orc knight is severely wounded.
You barely miss the orc knight.
The orc knight is severely wounded.
The orc knight hits you with a +0 war axe of draining!
You feel drained.
You punch the orc knight! You freeze the orc knight.
The orc knight is almost dead.
Your primal bloodlust has ended.
You pummel the orc knight!! You freeze the orc knight.
You kill the orc knight!
The orc knight is no longer distracted by gold.
Your life force feels restored.
Your Transmutations skill increases to level 14!
Unknown command.
Things that are here:
122 gold pieces; a +0 war axe of draining; a +0 chain mail You feel a strong urge to attack something.
The orc knight closely misses you.
You hit the orc knight but do no damage.
The orc knight barely misses you.
You punch the orc knight! You freeze the orc knight!
The orc knight is moderately wounded.
You punch the orc knight! You freeze the orc knight.
The orc knight is heavily wounded.
The orc knight hits you with a +0 great sword!!!
* * * LOW HITPOINT WARNING * * *
You punch the orc knight! You freeze the orc knight.
The orc knight is severely wounded.
You barely miss the orc knight.
The orc knight is severely wounded.
The orc knight hits you with a +0 great sword!
You die...
Your body crumbles into a pile of gold.

▓▓▓▓▓▓▓▓▓▓▓▓▓▓▓▓▓▓▓▓▓▓▓
▓..$.$Yo......))))))o))
▓.▓▓▓▓▓▓▓▓▓▓▓▓▓▓▓▓▓▓▓▓▓
▓...........)..........
▓▓▓▓▓▓▓▓▓▓▓▓▓▓▓▓▓▓▓▓▓▓▓
▓.......'.....([:.....'
▓.▓▓▓▓▓▓▓▓▓▓▓▓▓▓▓▓▓▓▓▓▓
▓......................
▓▓▓▓▓▓▓▓▓▓▓▓▓▓▓▓▓▓▓▓▓▓▓
▓<.))'.....'.....'_____


You could see an orc knight (strong).

Vanquished Creatures
  A boulder beetle (D)
  A hydra (D)
  A two-headed ogre (D)
  An orc knight (D)
  An elephant (D)
  4 cane toads (D)
  2 kobold demonologists (D)
  An efreet (D)
  2 tyrant leeches (D)
  A troll (D)
  A blink frog (D)
  A shadow (D)
  A wraith (D)
  A yak (D)
  A steam dragon (D)
  2 vampire mosquitoes (D)
  2 acid dragons (D)
  4 water moccasins (D)
  A black bear (D)
  6 orc warriors (D)
  A centaur (D)
  8 bullfrogs (D)
  A scorpion (D)
  A howler monkey (D)
  An orc priest (D)
  A jelly (D)
  An iguana (D)
  3 orc wizards (D)
  An ufetubus (D)
  8 orcs (D)
  A bat (D)
  An endoplasm (D)
  2 hobgoblins (D)
  A jackal (D)
  A kobold (D)
67 creatures vanquished.

Notes
Turn   | Place    | Note
-------+----------+-------------------------------------------
     0 | D        | mhtbhm the Spriggan Transmuter began the quest for the Orb.
     0 | D        | Reached XP level 1. HP: 9/9 MP: 5/5
    26 | D        | Reached skill level 3 in Unarmed Combat
    64 | D        | Noticed an iguana
    64 | D        | Noticed a scorpion
    64 | D        | Noticed a jelly
    69 | D        | Reached XP level 2. HP: 14/14 MP: 5/7
    79 | D        | Reached skill level 4 in Unarmed Combat
    79 | D        | Reached XP level 3. HP: 17/17 MP: 6/9
    80 | D        | Killed a scorpion
    81 | D        | Reached skill level 1 in Fighting
    81 | D        | Reached skill level 5 in Dodging
    81 | D        | Reached skill level 5 in Unarmed Combat
    81 | D        | Reached skill level 5 in Spellcasting
    81 | D        | Reached XP level 4. HP: 22/22 MP: 7/12
    83 | D        | Reached skill level 6 in Unarmed Combat
    83 | D        | Reached skill level 5 in Transmutations
   204 | D        | Found a snail-covered altar of Cheibriados.
   204 | D        | Found a shadowy altar of Dithmenos.
   204 | D        | Found a white marble altar of Elyvilon.
   204 | D        | Found a blossoming altar of Fedhas.
   204 | D        | Found an opulent altar of Gozag.
   205 | D        | Found a hazy altar of Hepliaklqana.
   206 | D        | Found a viscous altar of Jiyva.
   207 | D        | Found an ancient bone altar of Kikubaaqudgha.
   208 | D        | Found a corrupted altar of Lugonu.
   209 | D        | Found a burning altar of Makhleb.
   210 | D        | Found a sparkling altar of Nemelex Xobeh.
   211 | D        | Found an iron altar of Okawaru.
   212 | D        | Found a stormy altar of Qazlal.
   213 | D        | Found a sacrificial altar of Ru.
   214 | D        | Found a shimmering blue altar of Sif Muna.
   215 | D        | Found a bloodstained altar of Trog.
   216 | D        | Found a hide-covered altar of Uskayaw.
   222 | D        | Became a worshipper of Gozag Ym Sagoz the Greedy
   228 | D        | Found a radiant altar of Vehumet.
   229 | D        | Found an ornate altar of the Wu Jian Council.
   230 | D        | Found a shimmering altar of Xom.
   231 | D        | Found a basalt altar of Yredelemnul.
   232 | D        | Found a glowing silver altar of Zin.
   233 | D        | Found a glowing golden altar of the Shining One.
   262 | D        | Learned a level 2 spell: Wereblood
   266 | D        | Learned a level 3 spell: Spider Form
   271 | D        | Learned a level 4 spell: Ice Form
   273 | D        | Noticed a two-headed ogre
   273 | D        | Noticed an acid dragon
   273 | D        | Noticed a shadow
   273 | D        | Noticed a troll
   273 | D        | Noticed a wraith
   289 | D        | Killed a two-headed ogre
   290 | D        | Reached skill level 1 in Stealth
   290 | D        | Reached skill level 10 in Unarmed Combat
   290 | D        | Reached XP level 5. HP: 8/26 MP: 9/16
   290 | D        | Reached XP level 6. HP: 10/30 MP: 10/18
   290 | D        | Reached XP level 7. HP: 12/35 MP: 10/19
   526 | D        | Killed a shadow
   527 | D        | Reached XP level 8. HP: 22/39 MP: 20/22
   606 | D        | Killed a troll
   607 | D        | Reached skill level 11 in Unarmed Combat
   607 | D        | Reached skill level 1 in Ice Magic
   730 | D        | Noticed an efreet
   730 | D        | Noticed a boulder beetle
   730 | D        | Noticed a kobold demonologist
   730 | D        | Noticed a kobold demonologist
   734 | D        | Killed an efreet
   735 | D        | Reached skill level 10 in Transmutations
   746 | D        | Killed a kobold demonologist
   747 | D        | Reached skill level 12 in Unarmed Combat
   747 | D        | Reached skill level 10 in Spellcasting
   753 | D        | Reached XP level 9. HP: 15/43 MP: 19/24
   761 | D        | Killed a boulder beetle
   762 | D        | Reached skill level 5 in Evocations
   959 | D        | Noticed an orange demon
   959 | D        | Killed a kobold demonologist
  1001 | D        | Reached skill level 10 in Dodging
  1166 | D        | Noticed a cane toad
  1174 | D        | Noticed a five-headed hydra
  1176 | D        | Killed a cane toad
  1177 | D        | Reached skill level 5 in Stealth
  1177 | D        | Reached skill level 13 in Unarmed Combat
  1428 | D        | Killed a five-headed hydra
  1429 | D        | Reached XP level 10. HP: 49/49 MP: 20/26
  1443 | D        | Noticed a cane toad
  1443 | D        | Noticed a cane toad
  1443 | D        | Noticed an elephant
  1448 | D        | Killed a cane toad
  1459 | D        | Reached skill level 14 in Unarmed Combat
  1463 | D        | Killed a cane toad
  1470 | D        | Killed an elephant
  1504 | D        | Noticed a cane toad
  1508 | D        | Killed a cane toad
  1689 | D        | Reached skill level 15 in Unarmed Combat
  2237 | D        | Noticed an orc knight
  2567 | D        | Noticed an orc knight
  2569 | D        | Reached XP level 11. HP: 53/53 MP: 25/29
  2576 | D        | Killed an orc knight
  2583 | D        | Mangled by an orc knight

Illustrated notes

Levels and vault maps discovered:
D:        linesprint [early_d, line_temple, items_1, d_10, items_2, lair_1,
          lair_end, items_3, orc_1, orc_end, items_4, d_15, swamp_1, shoals_1,
          snake_1, spider_1, d_20, vaults_1, items_5, swamp_end, shoals_end,
          snake_end, spider_end, vaults_end, d_27, items_6, zot_1, zot_end,
          crypt_end, forest_end, elf_end, slime_end, tomb_end, abyss_end,
          pan_hell_end]

Skill      XL: |  1  2  3  4  5  6  7  8  9 10 11 |
---------------+----------------------------------+-----
Dodging        | 3 4 5 7 8 9 10 11 | 11.1
Transmutations | 3 4 8 9 10 12 13 14 | 14.0
Spellcasting   | 3 4 5 8 9 10 11 13 | 13.1
Unarmed Combat | 3 4 5 10 12 13 15 | 15.5
Fighting       | 1 2 3 |  3.7
Stealth        | 1 2 3 6 8 |  8.9
Evocations     | 3 4 6 |  6.7
Ice Magic      | 2 3 4 |  4.6
Poison Magic   | |  0.6

Action                   |  1- 3 |  4- 6 |  7- 9 | 10-12 || total
-------------------------+-------+-------+-------+-------++-------
Melee: Unarmed           |    32 |     4 |    80 |   114 ||   230
 Cast: Beastly Appendage |     1 |       |       |       ||     1
       Wereblood         |       |     1 |     8 |     5 ||    14
       Spider Form       |       |     1 |       |       ||     1
       Ice Form          |       |       |     8 |     6 ||    14
Evoke: Wand              |       |     4 |     6 |       ||    10
  Use: Potion            |     3 |       |     1 |     3 ||     7
       Scroll            |       |     1 |     1 |       ||     2
 Stab: Sleeping          |       |       |     1 |     2 ||     3
       Distracted        |       |       |     1 |       ||     1
Armor: Skin              |     5 |       |    18 |    11 ||    34
       Robe              |     1 |       |       |       ||     1
Dodge: Dodged            |    15 |     6 |    30 |    41 ||    92

Table legend: (Time is in decaauts)
 A = Elapsed time spent in this place.
 B = Non-inter-level travel time spent in this place.
 C = Inter-level travel time spent in this place.
 D = Time resting spent in this place.
 E = Time spent auto-exploring this place.
 F = Levels seen in this place.
 G = Mean time per level.
                   A        B        C        D        E       F      G
               +--------+--------+--------+--------+--------+-----+--------+
         Total |   2320 |   2320 |      0 |   1261 |    272 |   1 | 2320.0 |
       Dungeon |   2320 |   2320 |      0 |   1261 |    272 |   1 | 2320.0 |
               +--------+--------+--------+--------+--------+-----+--------+

Top non-repeatable levels by time:
       D: 2320 daAuts
